 Dungeon Crawl Stone Soup version 0.27-a0-1277-g3808f8b1c9 (webtiles) character file.

Game seed: 16995795863414140232

732 Essalna the Digger (level 7, -3/36 HPs)
             Began as a Gargoyle Earth Elementalist on June 12, 2021.
             Killed from afar by an orc wizard (13 damage)
             ... with a puff of flame
             ... on level 5 of the Dungeon.
             The game lasted 00:08:05 (4979 turns).

Essalna the Digger (Gargoyle Earth Elementalist)    Turns: 4979, Time: 00:08:05

Health: -3/36      AC:  6    Str: 12    XL:     7   Next: 73%
Magic:  7/15       EV: 11    Int: 17    God:
Gold:   154        SH:  0    Dex: 10    Spells: 8/16 levels left

rFire    . . .     SeeInvis .   j - +1 dagger (venom)
rCold    . . .     Faith    .   (no shield)
rNeg     + . .     Spirit   .   c - +0 robe
rPois    ∞         Reflect  .   (no helmet)
rElec    +         Harm     .   (no cloak)
rCorr    .         Rampage  .   (no gloves)
Will     .....                  (no boots)
Stlth    ++........             (no amulet)
HPRegen  0.12/turn              (no ring)
MPRegen  0.14/turn              (no ring)

@: no status effects
A: sickness immunity, AC +4, negative energy resistance 1, electricity
resistance, torment resistance 1, petrification resistance
a: no special abilities


You were on level 5 of the Dungeon.
You visited 1 branch of the dungeon, and saw 5 of its levels.

You collected 154 gold pieces.

Inventory:

Hand Weapons
 g - a +0 war axe
 j - a +1 dagger of venom (weapon)
Missiles
 b - 61 stones
 q - 8 curare-tipped darts
Armour
 c - a +0 robe (worn)
Jewellery
 u - a +4 ring of slaying
Wands
 w - a wand of acid (10)
 A - a wand of iceblast (7)
Scrolls
 e - 4 scrolls of identify {unknown}
 f - a scroll of vulnerability {unknown}
 h - a scroll of amnesia {unknown}
 k - a scroll of fog {unknown}
 n - a scroll of teleportation {unknown}
 o - a scroll of noise {unknown}
 r - a scroll of brand weapon {unknown}
 v - 2 scrolls of magic mapping {unknown}
 x - 3 scrolls of immolation {unknown}
 y - a scroll of holy word {unknown}
 z - a scroll of acquirement {unknown}
Potions
 a - 4 potions of flight {unknown}
 d - 3 potions of heal wounds {unknown}
 i - 3 potions of curing {unknown}
 l - a potion of haste {unknown}
 m - a potion of invisibility {unknown}
 p - a potion of magic {unknown}
 s - a potion of brilliance {unknown}
 t - a potion of resistance {unknown}
 B - a potion of lignification {unknown}


   Skills:
 - Level 1.5 Dodging
 - Level 2.1 Stealth
 + Level 5.3 Spellcasting
 - Level 3.0 Conjurations
 - Level 0.7 Transmutations
 + Level 7.4 Earth Magic


You had 8 spell levels left.
You knew the following spells:

 Your Spells              Type           Power      Damage    Failure   Level
a - Sandblast             Erth           58%        2d13      1%          1
b - Stone Arrow           Conj/Erth      44%        3d9       4%          3
c - Petrify               Tmut/Erth      18%        N/A       26%         4

Your spell library contained the following spells:

 Spells                   Type           Power      Damage    Failure   Level
 Passwall                 Tmut/Erth      15%        N/A       4%          2
 Animate Skeleton         Necr           8%         N/A       14%         1
 Apportation              Tloc           8%         N/A       14%         1
 Corona                   Hex            4%         N/A       14%         1
 Summon Small Mammal      Summ           16%        N/A       14%         1
 Lee's Rapid Deconstruct  Erth           14%        3d10*     19%         5


Dungeon Overview and Level Annotations

Branches:
Dungeon (5/15)
 Temple: D:4-7

Altars:
Xom

Annotations:
D:3 2 transporters


Innate Abilities, Weirdness & Mutations

You are immune to sickness and miasma.
Your stone body is resilient. (AC +4)
You are immune to poison.
You resist negative energy. (rN+)
You are resistant to electric shocks. (rElec)
You are resistant to unholy torment.
You are immune to petrification.


Message History

Press: ? - help, Shift-Dir - straight line, f/p - iguana
Aim: an iguana (heavily wounded, 83% to hit)
The blast of sand hits the iguana!
You kill the iguana!
b - 64 stones
Casting: Sandblast (safe; 1% risk of failure)
Confirm with . or Enter, or press ? or * to list all spells.
Aiming: Sandblast (safe; 1% risk of failure)
Press: ? - help, Shift-Dir - straight line, f - jelly
Aim: a jelly (100% to hit)
The blast of sand hits the jelly!
The jelly is heavily wounded.
b - 63 stones The jelly barely misses you.
Casting: Sandblast (safe; 1% risk of failure)
Confirm with . or Enter, or press ? or * to list all spells.
Aiming: Sandblast (safe; 1% risk of failure)
Press: ? - help, Shift-Dir - straight line, f/p - jelly
Aim: a jelly (heavily wounded, 100% to hit)
The blast of sand hits the jelly.
The jelly is almost dead.
b - 62 stones The jelly misses you.
Casting: Sandblast (safe; 1% risk of failure)
Confirm with . or Enter, or press ? or * to list all spells.
Aiming: Sandblast (safe; 1% risk of failure)
Press: ? - help, Shift-Dir - straight line, f/p - jelly
Aim: a jelly (almost dead, 100% to hit)
The blast of sand hits the jelly!
You kill the jelly!
b - 61 stones
Casting: Sandblast (safe; 1% risk of failure)
Confirm with . or Enter, or press ? or * to list all spells.
You can't see any susceptible monsters within range! (Use Z to cast anyway.) Unknown command.
You hit something but do no damage.
You hear some strange, mumbled words.
A puff of flame appears from out of thin air!
The puff of flame hits you!
You die...

.....#..# ##..######.........
.....#...##.....###..........
....###......##...#..........
. ##.###.####............
#......#####.>....[...
#.##.#..(.............
#..................
#########............
......){@......#..###
.......#######...... ......#
.#.#.. ...... >#.# .....
..!.. ####


There were no monsters in sight!

Vanquished Creatures
  A sky beast (D:5)
  A black bear (D:5)
  2 ogres (D:4)
  A water moccasin skeleton (D:4)
  3 jellies
  2 iguanas
  An orc wizard (D:5)
  A hound skeleton (D:4)
  5 adders
  An adder skeleton (D:4)
  A worm (D:2)
  3 dart slugs
  6 orcs
  8 bats
  8 endoplasms
  2 giant cockroaches
  7 hobgoblins
  9 jackals
  6 kobolds
  5 quokkas
  10 ball pythons
  5 frilled lizards
  8 goblins
  6 rats
102 creatures vanquished.

Vanquished Creatures (others)
  12 plants (D:1)
12 creatures vanquished.

Grand Total: 114 creatures vanquished

Notes
Turn   | Place    | Note
-------+----------+-------------------------------------------
     0 | D:1      | Essalna the Gargoyle Earth Elementalist began the quest for
                  | the Orb.
     0 | D:1      | Reached XP level 1. HP: 10/10 MP: 3/3
   248 | D:1      | Reached XP level 2. HP: 15/15 MP: 3/5
   275 | D:1      | Reached skill level 4 in Earth Magic
  1035 | D:1      | Reached XP level 3. HP: 16/19 MP: 7/7
  1039 | D:1      | Learned a level 3 spell: Stone Arrow
  1101 | D:1      | Found a faded altar of an unknown god.
  1862 | D:2      | Reached skill level 1 in Conjurations
  2175 | D:2      | Reached XP level 4. HP: 15/24 MP: 3/8
  2299 | D:2      | Found a shimmering altar of Xom.
  2723 | D:3      | Found a transporter.
  2731 | D:3      | Noticed a kobold demonologist
  3135 | D:3      | Found a transporter.
  3686 | D:4      | Reached skill level 5 in Earth Magic
  3686 | D:4      | Reached XP level 5. HP: 23/28 MP: 5/10
  3806 | D:4      | Noticed an ogre
  3813 | D:4      | Killed an ogre
  3814 | D:4      | Reached XP level 6. HP: 32/32 MP: 7/11
  3819 | D:4      | Learned a level 4 spell: Petrify
  4470 | D:4      | Reached skill level 6 in Earth Magic
  4595 | D:4      | Reached XP level 7. HP: 36/36 MP: 8/13
  4767 | D:5      | Entered Level 5 of the Dungeon
  4775 | D:5      | Reached skill level 5 in Spellcasting
  4775 | D:5      | Reached skill level 7 in Earth Magic
  4979 | D:5      | Killed from afar by an orc wizard

Illustrated notes

Levels and vault maps discovered:
D:1:      lightli_arrival_lavapool, layout_loops_corners,
          chequers_ecumenical_altar_simple, serial_bayou, serial_bayou_lagoon_a,
          serial_bayou_pond_a, serial_bayou_pond_d, serial_bayou_pond_c,
          serial_bayou_pond_d, serial_bayou_lake_a, dk_noncrumbling_3,
          minmay_small_reverse_x
D:2:      layout_loops_cross, basic_altar
D:3:      gammafunk_wand_slinger, layout_loops_ring, st_stairs_1
D:4:      layout_loops_ring, st_stairs_7, amethyst_killhole
D:5:      layout_rooms, serial_bayou_pond_a

Skill      XL: |  1  2  3  4  5  6  7 |
---------------+----------------------+-----
Earth Magic    | 4 5 6 7 |  7.4
Conjurations   | 1 2 3 |  3.0
Spellcasting   | 3 4 5 |  5.3
Dodging        | |  1.5
Stealth        | |  2.1
Transmutations | |  0.7

Action                   |  1- 3 |  4- 6 |  7- 9 || total
-------------------------+-------+-------+-------++-------
Melee: Unarmed           |     6 |       |       ||     6
       War axe           |    40 |       |       ||    40
       Dagger            |    39 |    71 |     2 ||   112
 Cast: Sandblast         |    27 |    54 |     9 ||    90
       Stone Arrow       |       |       |     5 ||     5
 Stab: Sleeping          |     1 |     3 |       ||     4
Armor: Robe              |    35 |    34 |     4 ||    73
Dodge: Dodged            |    78 |    59 |     2 ||   139

Table legend: (Time is in decaauts)
 A = Elapsed time spent in this place.
 B = Non-inter-level travel time spent in this place.
 C = Inter-level travel time spent in this place.
 D = Time resting spent in this place.
 E = Time spent auto-exploring this place.
 F = Levels seen in this place.
 G = Mean time per level.
                   A        B        C        D        E       F      G
               +--------+--------+--------+--------+--------+-----+--------+
         Total |   5053 |   4890 |    163 |      0 |   4212 |   5 | 1010.6 |
       Dungeon |   5053 |   4890 |    163 |      0 |   4212 |   5 | 1010.6 |
               +--------+--------+--------+--------+--------+-----+--------+

Top non-repeatable levels by time:
     D:1: 1893 daAuts
     D:4: 1138 daAuts
     D:3: 928 daAuts
     D:2: 881 daAuts
     D:5: 211 daAuts
